 Dungeon Crawl Stone Soup version 0.17-b1-15-g0f5fb43 (webtiles) character file.

8451 tetracat the Martial Artist (level 11, -9/72 HPs)
             Began as an Octopode Monk on Nov 7, 2015.
             Was an Initiate of Gozag.
             Mangled by a boulder beetle (31 damage)
             ... on level 10 of the Dungeon.
             The game lasted 00:23:31 (12802 turns).

tetracat the Martial Artist (Octopode Monk)        Turns: 12802, Time: 00:23:31

Health: -9/72      AC:  4    Str: 14    XL:     11   Next: 31%
Magic:  25/25      EV: 24    Int: 19    God:    Gozag
Gold:   1271       SH: 12    Dex: 19    Spells: 2 memorised, 14 levels left

rFire  + . .     SeeInvis .       - Unarmed
rCold  + + +     Clarity  +     q - +2 shield {AC+3}
rNeg   . . .     SustAt   +     (helmet restricted)
rPois  .         Gourm    .     (no amulet)
rElec  .         Spirit   .     b - +3 ring of intelligence
rCorr  .         Warding  .     c - ring of magical power
rMut   .         Stasis   .     v - ring of protection from cold
MR     .....                    y - ring of sustain attributes
Stlth  +++++.....               k - ring of protection from cold
                                f - ring of protection from cold
                                a - ring of flight
                                t - +3 ring of intelligence

@: agile, not resistant to hostile enchantments, quite stealthy
A: almost no armour, amphibious, 8 rings, constrict 8, camouflage 1, blurry
vision 1, clarity, fire resistance 1, gelatinous body 1
a: Potion Petition, Call Merchant, Bribe Branch, Renounce Religion, Evoke Flight


You were on level 10 of the Dungeon.
You worshipped Gozag.
Gozag was noncommittal.
You were very hungry.

You visited 2 branches of the dungeon, and saw 11 of its levels.

You collected 1982 gold pieces.
You spent 112 gold pieces at shops.
You paid 599 gold pieces to Gozag.

Inventory:

Armour
 q - a +2 shield of protection (worn)
Jewellery
 a - a ring of flight (on tentacle)
 b - a +3 ring of intelligence (left tentacle)
 c - a ring of magical power (right tentacle)
 f - a ring of protection from cold (on tentacle)
 k - a ring of protection from cold (on tentacle)
 p - an uncursed amulet of regeneration
 t - a +3 ring of intelligence (on tentacle)
 v - a ring of protection from cold (on tentacle)
 y - a ring of sustain attributes (on tentacle)
Wands
 i - a wand of digging (14)
 I - a wand of invisibility (4)
Scrolls
 g - 2 scrolls of recharging
 l - a scroll of magic mapping {unknown}
 r - a scroll of blinking {unknown}
 u - 5 scrolls of enchant weapon
 w - a scroll of enchant armour {unknown}
 A - a scroll of amnesia {unknown}
 B - 2 scrolls of fear {unknown}
 D - 5 scrolls of remove curse
 G - 2 scrolls of fog {unknown}
 K - a scroll of brand weapon {unknown}
 L - 3 scrolls of random uselessness {unknown}
Potions
 d - 5 potions of curing
 e - a potion of lignification
 j - 3 potions of mutation
 n - a potion of cancellation {unknown}
 o - a potion of agility
 s - 2 potions of brilliance
 x - 3 potions of magic
 z - 3 potions of might
 C - a potion of haste {unknown}
 E - 2 potions of degeneration {unknown}
Books
 m - a book of Geomancy

   Spells                             Type                      Level
   a - Sandblast                      Earth                        1
   b - Stoneskin                      Transmutation/Earth          2
   c - Passwall                       Transmutation/Earth          3
   d - Stone Arrow                    Conjuration/Earth            3
   e - Petrify                        Transmutation/Earth          4
   f - Lee's Rapid Deconstruction     Earth                        5
 F - the Papyrus of the Entourage
   (You found it on level 7 of the Dungeon)

   Spells                             Type                      Level
   a - Summon Butterflies             Summoning                    1
   b - Aura of Abjuration             Summoning                    5
   c - Shadow Creatures               Summoning                    5
   d - Summon Hydra                   Summoning                    7
 H - a Necronomicon

   Spells                             Type                      Level
   a - Haunt                          Necromancy/Summoning         7
   b - Borgnjor's Revivification      Necromancy                   8
   c - Death's Door                   Charms/Necromancy            8
   d - Necromutation                  Transmutation/Necromancy     8
Comestibles
 h - 5 meat rations
 J - 7 slices of pizza
 M - a bread ration


   Skills:
 - Level 5.3 Fighting
 - Level 10.0 Dodging
 - Level 2.6 Stealth
 + Level 6.6 Shields
 - Level 10.0 Unarmed Combat
 + Level 3.9 Spellcasting
 + Level 4.3 Transmutations
 + Level 4.2 Earth Magic


You had 14 spell levels left.
You knew the following spells:

 Your Spells              Type           Power        Failure   Level  Hunger
a - Stoneskin             Trmt/Erth      ###.....     12%         2    ##.....
b - Summon Butterflies    Summ           #.......     50%         1    None


Dungeon Overview and Level Annotations

Branches:
Dungeon (10/15)            Temple (1/1) D:4
   Lair: D:8-11         Orc: D:9-12

Altars:
Cheibriados
Dithmenos
Elyvilon
Gozag
Kikubaaqudgha
Makhleb
Nemelex Xobeh
Qazlal
Sif Muna
Trog
Xom
Yredelemnul
Zin
The Shining One

Shops:
D:10 }

Annotations:
D:3 Sigmund


Innate Abilities, Weirdness & Mutations

You cannot wear most types of armour.
You are amphibious.
You can wear up to eight rings at the same time.
You can use your tentacles to constrict eight enemies at once.
Your skin changes colour to match your surroundings (Stealth).
Your rubbery body absorbs attacks (AC +1).
Scrolls take you a little longer to read.
You possess an exceptional clarity of mind.
Your flesh is heat resistant.


Message History

You are too injured to fight recklessly!
Drink which item? (? for menu, Esc to quit)
It was a potion of agility.
You feel agile all of a sudden.
You tentacle-slap the boulder beetle but do no damage.
You squeeze the boulder beetle, but do no damage.
The boulder beetle is lightly wounded.
The boulder beetle closely misses you.
You tentacle-slap the boulder beetle but do no damage.
The boulder beetle is lightly wounded.
You tentacle-slap the boulder beetle but do no damage.
The boulder beetle is lightly wounded.
The boulder beetle misses you.
You bludgeon the boulder beetle!
The boulder beetle is moderately wounded.
You completely miss the boulder beetle. You squeeze the boulder beetle.
The boulder beetle is moderately wounded.
The boulder beetle bites you!!
You die...
Your body crumbles into a pile of gold.

## #..######...)# ####### #..###
.####.........)..# #.....# #.## #
.................# #.....# ###
.................# #####.#
.................# #.#
.................##### #[####
###########..........# #....##
..........#..)########.#.....## #
..........#....B@...)..#......###
..........#...##########.........
..........#...................>..
..........#......................
..........#......................
..........'......................
..........#.######.###########...
###########.'....#.#.........#...
............#....#.#.........####


You could see a boulder beetle.

Vanquished Creatures
  Erica (D:8)
  A centaur zombie (D:9)
  A kobold demonologist (D:9)
  A troll (D:9)
  A two-headed ogre (D:10)
  A slime creature (D:9)
  A human (D:7)
  4 hungry ghosts
  2 yaks
  A hippogriff (D:8)
  A black bear (D:6)
  3 orc warriors (D:6)
  3 centaurs
  7 ogres
  4 phantoms
  A necrophage (D:5)
  4 ice beasts
  A big kobold (D:9)
  5 giant frogs
  5 scorpions
  8 wights
  18 killer bees
  An electric eel (D:9)
  4 crimson imps
  3 giant frog zombies
  7 orc priests
  Ijyb (D:2)
  6 hounds
  5 iguanas
  7 orc wizards
  Jessica (D:3)
  4 giant frog skeletons
  A centaur skeleton (D:6)
  A gnoll shaman (D:7)
  Natasha (twice) (D:2)
  3 sheep (D:7)
  10 worker ants
  2 hound skeletons
  11 adders
  3 gnolls (D:7)
  2 worker ant zombies (D:9)
  A shadow imp (D:6)
  2 oozes
  4 worms
  5 adder skeletons
  7 giant geckos
  31 orcs
  4 bats
  7 giant cockroaches
  6 goblins
  5 hobgoblins
  5 jackals
  9 kobolds
  A quokka (D:9)
  2 giant gecko skeletons (D:5)
  A giant gecko zombie (D:5)
  6 giant newts
  4 quokka skeletons
  9 rats
257 creatures vanquished.

Vanquished Creatures (others)
  An orc wizard (D:8)
1 creature vanquished.

Grand Total: 258 creatures vanquished

Notes
Turn   | Place    | Note
--------------------------------------------------------------
     0 | D:1      | tetracat the Octopode Monk began the quest for the Orb.
     0 | D:1      | Reached XP level 1. HP: 16/16 MP: 1/1
   207 | D:1      | Reached XP level 2. HP: 15/21 MP: 2/2
   848 | D:2      | Reached XP level 3. HP: 19/26 MP: 3/3
  1012 | D:2      | Reached skill level 5 in Unarmed Combat
  1225 | D:2      | Noticed Ijyb
  1231 | D:2      | Killed Ijyb
  1231 | D:2      | Reached XP level 4. HP: 22/31 MP: 4/4
  1727 | D:2      | Noticed Natasha
  1732 | D:2      | Killed Natasha
  1732 | D:2      | Reached skill level 6 in Unarmed Combat
  1865 | D:2      | Reached XP level 5. HP: 19/36 MP: 5/5
  2084 | D:2      | Noticed Natasha
  2096 | D:2      | Killed Natasha
  2538 | D:3      | Noticed Jessica
  2545 | D:3      | Killed Jessica
  2740 | D:3      | Noticed Sigmund
  2771 | D:4      | Noticed a phantom
  2791 | D:4      | Killed a phantom
  2791 | D:4      | Reached XP level 6. HP: 22/42 MP: 6/6
  2981 | D:4      | Noticed a centaur
  2997 | D:4      | Killed a centaur
  2997 | D:4      | Reached skill level 7 in Unarmed Combat
  3355 | D:4      | Noticed an ogre
  3365 | D:4      | Killed an ogre
  3365 | D:4      | Reached XP level 7. HP: 46/46 MP: 7/7
  3588 | D:4      | Found a staircase to the Ecumenical Temple.
  3635 | Temple   | Entered the Ecumenical Temple
  3716 | Temple   | Became a worshipper of Gozag Ym Sagoz the Greedy
  3989 | D:4      | Reached skill level 5 in Dodging
  4214 | D:5      | Entered Level 5 of the Dungeon
  4267 | D:5      | Reached skill level 1 in Shields
  4286 | D:5      | Reached skill level 8 in Unarmed Combat
  4519 | D:5      | Reached XP level 8. HP: 52/52 MP: 8/8
  4597 | D:5      | Found a white marble altar of Elyvilon.
  5666 | D:6      | Found a snail-covered altar of Cheibriados.
  5781 | D:6      | Reached skill level 9 in Unarmed Combat
  6085 | D:6      | Reached skill level 5 in Shields
  6144 | D:6      | Reached XP level 9. HP: 56/56 MP: 9/9
  6638 | D:7      | Reached skill level 10 in Unarmed Combat
  7032 | D:7      | Found a burning altar of Makhleb.
  7032 | D:7      | Noticed a balrug
  7213 | D:7      | Identified the Papyrus of the Entourage
  7325 | D:7      | Learned a level 2 spell: Stoneskin
  7327 | D:7      | Learned a level 1 spell: Summon Butterflies
  8076 | D:7      | Noticed a hellwing
  8143 | D:8      | Reached XP level 10. HP: 54/63 MP: 10/10
  8150 | D:8      | Noticed Erica
  8672 | D:8      | Found a bloodstained altar of Trog.
  9154 | D:9      | Reached skill level 10 in Dodging
  9206 | D:10     | Entered Level 10 of the Dungeon
  9212 | D:10     | Bought a wand of invisibility (4) for 112 gold pieces
  9659 | D:9      | Reached skill level 1 in Spellcasting
  9659 | D:9      | Reached skill level 1 in Transmutations
  9659 | D:9      | Reached skill level 1 in Earth Magic
 11055 | D:8      | Found a glowing golden altar of the Shining One.
 11107 | D:8      | Killed Erica
 11107 | D:8      | Reached skill level 5 in Fighting
 11107 | D:8      | Reached XP level 11. HP: 11/71 MP: 15/15
 11600 | D:9      | Gained mutation: You possess an exceptional clarity of mind. [potion of mutation]
 11600 | D:9      | Gained mutation: Your flesh is heat resistant. [potion of mutation]
 11600 | D:9      | Gained mutation: Scrolls take you a little longer to read. [potion of mutation]
 12802 | D:10     | Mangled by a boulder beetle

Action                   |  1- 3 |  4- 6 |  7- 9 | 10-12 || total
-------------------------+-------+-------+-------+-------++-------
Melee: Unarmed           |    49 |   104 |   334 |   393 ||   880
Invok: Call Merchant     |       |       |       |     1 ||     1
  Use: Scroll            |       |     2 |     3 |     6 ||    11
       Potion            |       |       |       |     6 ||     6
 Stab: Sleeping          |     9 |    12 |    16 |     9 ||    46
       Distracted        |       |       |     4 |     1 ||     5
  Eat: Chunk             |       |     7 |     2 |       ||     9
       Beef jerky        |       |       |     1 |     3 ||     4
       Bread ration      |       |       |     3 |     3 ||     6
       Pizza             |       |       |       |     1 ||     1
